 Dungeon Sprint DCSS version 0.28.0-49-g6dfe1f597d (webtiles) character file.

Game seed: 15023091998528974833

1681 Revguard the Wild Demonspawn (level 8, -3/102 HPs)
             Began as a Demonspawn Fighter on May 13, 2022.
             Was a High Priest of Trog.
             Killed by a guardian mummy's death curse (17 damage)
             ... in the Dungeon (Sprint V: "Ziggurat Sprint").
             The game lasted 00:08:10 (396 turns).

Revguard the Wild Demonspawn (Demonspawn Fighter)    Turns: 396, Time: 00:08:14

Health: -3/102     AC: 29    Str: 24    XL:     8   Next: 71%
Magic:  14/15      EV:  4    Int: 10    God:    Trog [*****.]
Gold:   0          SH: 29    Dex: 19    Spells: 7/7 levels left

rFire   . . .      SeeInvis +   D - +14 obsidian axe {vorpal, Mesm Drain Fly SInv}
rCold   . . .      Faith    .   G - +18 shield of the Gong {rElec rN+ Will+ EV-5}
rNeg    + . .      Spirit   .   F - +15 Maxwell's patent armour {-Cast -Tele rElec Will+ rCorr}
rPois   .          Reflect  .   (no helmet)
rElec   +          Harm     .   c - +0 cloak
rCorr   +          Rampage  .   (no gloves)
Will    ++++.      NoTele   +   (no boots)
Stlth   .......... NoCast   +   (no amulet)
HPRegen 1.27/turn               x - +6 ring of strength
MPRegen 0.14/turn               t - +6 ring of dexterity

@: berserking, strong-willed, flying, regenerating, studying Shields, very quick
A: claws 2, demonic guardian 1, foul stench 3
a: Renounce Religion, Berserk, Trog's Hand, Brothers in Arms


You were in the Dungeon.
You worshipped Trog.
Trog was extremely pleased with you.
You visited 1 branch

Inventory:

Hand Weapons
 D - the +14 obsidian axe (weapon) {vorpal, Mesm Drain Fly SInv}
   (You found it in the Dungeon)

   It inflicts extra damage upon your enemies.
   It occasionally summons demons to assist the wielder when it strikes in
   combat.
   Its wielder is mesmerised by any visible foes.
   It cannot be unequipped while any foes are visible.
   SInv:      It lets you see invisible.
   Fly:       It grants you flight.
   Drain:     It drains your maximum health when unequipped.
Armour
 a - +5 gold dragon scales
 c - a +0 cloak (worn)
 E - a +3 tower shield
 F - the +15 Maxwell's patent armour (worn) {-Cast -Tele rElec Will+ rCorr}
   (You found it in the Dungeon)

   rElec:     It insulates you from electricity.
   -Cast:     It prevents spellcasting.
   -Tele:     It prevents most forms of teleportation.
   rCorr:     It protects you from acid and corrosion.
   Will:      It increases your willpower.
 G - the +18 shield of the Gong (worn) {rElec rN+ Will+ EV-5}
   (You found it in the Dungeon)

   It is deafeningly noisy when blocking attacks.
   EV:        It affects your evasion (-5).
   rElec:     It insulates you from electricity.
   rN:        It protects you from negative energy.
   Will:      It increases your willpower.
Jewellery
 n - the amulet "Viapyir" {RegenMP Int+2}
   (You found it in the Dungeon)

   [amulet of magic regeneration]

   It increases your rate of magic regeneration.
   Int:       It affects your intelligence (+2).
 s - a ring of flight
 t - a +6 ring of dexterity (right claw)
 u - a +6 ring of dexterity
 v - a +6 ring of intelligence
 w - a +6 ring of intelligence
 x - a +6 ring of strength (left claw)
 y - a +6 ring of strength
 H - a ring of positive energy
 J - a +6 ring of strength
Wands
 z - a wand of mindburst (7)
 A - a wand of iceblast (6)
 B - a wand of acid (7)
Scrolls
 j - 4 scrolls of blinking
 o - 4 scrolls of amnesia
 p - 7 scrolls of fog
 q - 5 scrolls of identify
 r - 2 scrolls of fear
Potions
 b - a potion of attraction {unknown}
 d - 6 potions of might
 e - 11 potions of curing
 f - 10 potions of heal wounds
 g - 6 potions of haste
 h - 7 potions of magic
 i - 3 potions of berserk rage
 k - 2 potions of brilliance
 l - 2 potions of invisibility
 m - 4 potions of resistance
Miscellaneous
 C - a lightning rod (4/4)
 I - a phial of floods


   Skills:
 + Level 8.0 Fighting
 + Level 7.0 Axes
 + Level 7.4 Armour
 + Level 6.6 Dodging
 + Level 8.0 Shields
 + Level 9.6 Invocations
 + Level 7.3 Evocations


You had 7 spell levels left.
You didn't know any spells.
Your spell library was empty.

Dungeon Overview and Level Annotations

Branches:
Dungeon (1/1)

Altars:
Ashenzari
Cheibriados
Dithmenos
Elyvilon
Fedhas
Gozag
Hepliaklqana
Kikubaaqudgha
Makhleb
Nemelex Xobeh
Okawaru
Qazlal
Ru
Sif Muna
Trog
Uskayaw
Vehumet
Wu Jian
Xom
Yredelemnul
Zin
The Shining One
Beogh
Jiyva
Lugonu

Annotations:
D 1 transporter


Innate Abilities, Weirdness & Mutations

You have very sharp fingernails.
A weak demonic guardian rushes to your aid.
You frequently emit foul miasma when damaged in melee.


Message History

Space warps horribly around the mummy priest!
Your red devil hits the guardian mummy from afar with a +0 trident!
The guardian mummy is skewered by barbed spikes.
Your sixfirhy hits the guardian mummy.
Your sixfirhy shocks the guardian mummy!
You block the guardian mummy's attack.
BOUMMMMG!
You block the guardian mummy's attack.
SHROANNG!
The guardian mummy hits your sun demon!!
Your sun demon dies!
Your sun demon disappears in a puff of smoke!
A red film seems to cover your vision as you go berserk!
You feel yourself moving faster!
You feel mighty!
Your chaos spawn hits the mummy priest.
The mummy priest resists with almost no effort.
Your red devil hits the guardian mummy from afar with a +0 trident!!
You are no longer entranced.
The guardian mummy is destroyed!
Trog accepts your kill.
You feel extremely nervous for a moment...
Your body is wracked with pain!
* * * LOW HITPOINT WARNING * * *
The mummy priest calls on the powers of darkness!
Your body is wracked with pain!
* * * LOW HITPOINT WARNING * * *
You block the guardian mummy's attack.
GONNNNG!
Your Fighting skill increases to level 8!
Your Axes skill increases to level 7!
Your Shields skill increases to level 8!
You are too berserk!
You slice the guardian mummy!!
You destroy the guardian mummy!
Trog accepts your kill.
You slice the mummy priest!! You open a gate to Pandemonium!
A demon appears!
You slice the jiangshi!! You slice the mummy priest!!
You feel extremely nervous for a moment...
Pain shoots through your body!
You die...

▓.▓...▓.▓
▓...©...▓
▓▓▓▓▓▓▓▓▓
▓..8©8..▓
▓..}=)..▓
▓..)||..▓
▓...M...▓
▓..M..n.▓
▓..3@M..▓
▓.344V..▓
▓..5....▓
▓...©...▓
▓▓▓▓▓▓▓▓▓


You could see 2 mummy priests, a jiangshi (summoned, ally target), a guardian
mummy, a necrophage (summoned), a friendly sixfirhy (summoned), a friendly
ynoxinul (summoned), a friendly chaos spawn (summoned), a friendly red devil
(summoned) and a friendly iron imp (summoned).

Vanquished Creatures
  A guardian mummy (D)
  2 jumping spiders (D)
  A hell hound (D)
  A necrophage (D)
  A scorpion (D)
  A crimson imp (D)
  Crazy Yiuf (D)
  An iron imp (D)
  Jessica (D)
  A giant cockroach zombie (D)
  A quokka skeleton (D)
12 creatures vanquished.

Vanquished Creatures (collateral kills)
  A guardian mummy (D)
  A jumping spider (D)
  Sigmund (D)
  A hell hound (D)
  A necrophage (D)
  A phantom (D)
  Blork the orc (D)
  A wight (D)
  A quasit (D)
  A mummy (D)
  A white imp (D)
  An ufetubus (D)
  A bat zombie (D)
  A ball python skeleton (D)
  A ball python zombie (D)
15 creatures vanquished.

Grand Total: 27 creatures vanquished

Notes
Turn   | Place    | Note
-------+----------+-------------------------------------------
     0 | D        | Revguard the Demonspawn Fighter began the quest for the
                  | Orb.
     0 | D        | Reached XP level 1. HP: 18/18 MP: 1/1
     2 | D        | Found a blossoming altar of Fedhas.
     2 | D        | Found the +6 Majin-Bo {vamp, MP+6 Int+6}
     2 | D        | Found the +9 heavy crossbow "Sniper" {vorpal, Acc+∞ SInv}
     2 | D        | Found the +10 dark maul {vorpal}
     2 | D        | Found the +15 Maxwell's patent armour {-Cast -Tele rElec
                  | Will+ rCorr}
     2 | D        | Found the +18 shield of the Gong {rElec rN+ Will+ EV-5}
     2 | D        | Found the +14 obsidian axe {vorpal, Mesm Drain Fly SInv}
     2 | D        | Found the +7 great mace "Firestarter" {inner flame, rF++}
     2 | D        | Found the +6 shillelagh "Devastator" {shatter}
     2 | D        | Found the +11 plutonium sword {Contam Stlth-}
     2 | D        | Found the +8 lance "Wyrmbane" {slay drac, rPois rF+ rC+
                  | AC+3}
     2 | D        | Found the +9 sword of Zonguldrok {reap}
     2 | D        | Found the +13 scythe of Curses {drain, Drain}
     2 | D        | Found the +5 sword of Power {vorpal}
     2 | D        | Found the +7 mace of Variability {chain chaos}
     2 | D        | Found the +7 Singing Sword {vorpal, sonic wave}
     2 | D        | Found the +8 storm bow {elec, penet}
     5 | D        | Found a shimmering blue altar of Sif Muna.
     5 | D        | Found a sacrificial altar of Ru.
     5 | D        | Found a bloodstained altar of Trog.
     5 | D        | Found a stormy altar of Qazlal.
     5 | D        | Found an iron altar of Okawaru.
     5 | D        | Found a sparkling altar of Nemelex Xobeh.
     7 | D        | Found a transporter.
     7 | D        | Found an ancient bone altar of Kikubaaqudgha.
     7 | D        | Found a viscous altar of Jiyva.
     7 | D        | Found a corrupted altar of Lugonu.
     7 | D        | Found a hazy altar of Hepliaklqana.
     7 | D        | Found a burning altar of Makhleb.
     7 | D        | Found an opulent altar of Gozag.
   156 | D        | Became a worshipper of Trog the Wrathful
   158 | D        | Reached skill level 3 in Invocations
   158 | D        | Gained mutation: You may rarely emit foul miasma when
                  | damaged in melee. [demonic ancestry]
   158 | D        | Reached XP level 2. HP: 25/25 MP: 1/4
   193 | D        | Entered arena 2.
   193 | D        | Noticed a necrophage
   193 | D        | Found a transporter.
   202 | D        | Killed a necrophage
   203 | D        | Reached skill level 5 in Shields
   203 | D        | Reached skill level 4 in Invocations
   203 | D        | Gained mutation: You sometimes emit foul miasma when
                  | damaged in melee. [demonic ancestry]
   203 | D        | Reached XP level 3. HP: 31/31 MP: 4/6
   203 | D        | Gained mutation: You have sharp fingernails. [demonic
                  | ancestry]
   203 | D        | Reached XP level 4. HP: 38/38 MP: 4/7
   209 | D        | Entered arena 3.
   209 | D        | Found a transporter.
   211 | D        | Reached * piety under Trog
   212 | D        | Reached skill level 5 in Fighting
   212 | D        | Reached skill level 5 in Invocations
   213 | D        | Gained mutation: You have very sharp fingernails. [demonic
                  | ancestry]
   213 | D        | Reached XP level 5. HP: 44/44 MP: 5/9
   213 | D        | Reached ** piety under Trog
   219 | D        | Entered arena 4.
   219 | D        | Noticed a jumping spider
   219 | D        | Noticed a jumping spider
   219 | D        | Noticed a jumping spider
   219 | D        | Found a transporter.
   223 | D        | Reached skill level 5 in Armour
   223 | D        | Reached skill level 6 in Invocations
   223 | D        | Killed a jumping spider
   224 | D        | Reached skill level 5 in Axes
   224 | D        | Reached skill level 5 in Evocations
   224 | D        | Gained mutation: A weak demonic guardian rushes to your
                  | aid. [demonic ancestry]
   224 | D        | Reached XP level 6. HP: 43/52 MP: 6/11
   225 | D        | Killed a jumping spider
   225 | D        | Killed a jumping spider
   225 | D        | Reached *** piety under Trog
   226 | D        | Reached skill level 5 in Dodging
   226 | D        | Reached skill level 8 in Invocations
   226 | D        | Reached XP level 7. HP: 43/59 MP: 6/13
   330 | D        | Entered arena 5.
   330 | D        | Noticed Sigmund
   330 | D        | Noticed Jessica
   330 | D        | Noticed Blork the orc
   330 | D        | Noticed Crazy Yiuf
   330 | D        | Found a transporter.
   333 | D        | Killed Crazy Yiuf
   333 | D        | Killed Jessica
   335 | D        | Killed Blork the orc
   335 | D        | Reached **** piety under Trog
   336 | D        | Killed Sigmund
   337 | D        | Gained mutation: You frequently emit foul miasma when
                  | damaged in melee. [demonic ancestry]
   337 | D        | Reached XP level 8. HP: 67/67 MP: 14/14
   357 | D        | Got the amulet "Viapyir" {RegenMP Int+2}
   359 | D        | Entered arena 6.
   359 | D        | Found a transporter.
   361 | D        | Reached ***** piety under Trog
   363 | D        | Reached skill level 9 in Invocations
   374 | D        | Entered arena 7.
   375 | D        | Found a transporter.
   378 | D        | Received a gift from Trog
   389 | D        | Entered arena 8.
   389 | D        | Noticed a mummy priest
   389 | D        | Noticed a guardian mummy
   389 | D        | Noticed a mummy priest
   389 | D        | Noticed a guardian mummy
   389 | D        | Noticed a guardian mummy
   390 | D        | Found a transporter.
   391 | D        | Noticed a jiangshi
   395 | D        | Killed a guardian mummy
   396 | D        | Killed a guardian mummy
   396 | D        | Killed by a guardian mummy's death curse

Illustrated notes

Levels and vault maps discovered:
D:        sprint_v [room_start, room_1, room_2, room_3, room_4, room_5, room_6,
          room_7, room_8, room_9, room_10, room_11, room_12, room_13, room_14,
          room_15, room_16, room_17, room_18, room_19, room_20, room_21,
          room_22, room_23, room_24, room_25, room_26, room_27]

Skill      XL: |  1  2  3  4  5  6  7  8 |
---------------+-------------------------+-----
Axes           | 3 4 5 6 7 |  7.0
Armour         | 3 4 5 6 7 |  7.4
Dodging        | 2 3 4 5 6 |  6.6
Shields        | 4 5 6 7 8 |  8.0
Invocations    | 3 4 5 6 8 9 |  9.6
Evocations     | 2 3 4 5 6 7 |  7.3
Fighting       | 4 5 6 7 8 |  8.0

Action                   |  1- 3 |  4- 6 |  7- 9 || total
-------------------------+-------+-------+-------++-------
Melee: Broad axe         |     8 |     7 |     8 ||    23
Invok: Berserk           |       |       |     2 ||     2
       Trog's Hand       |       |       |     1 ||     1
Evoke: Wand              |       |       |     1 ||     1
  Use: Potion            |     1 |       |       ||     1
Armor: Plate armour      |     4 |     8 |     5 ||    17
Dodge: Dodged            |       |       |     1 ||     1
Block: Kite shield       |    11 |    11 |    20 ||    42
